TOP OF THE 1ST |
Beloit Snappers batting - Pitching for Lake County Captains : RHP Matt Zambon
|
Pitching: RHP Matt Zambon
|
|
Batting: RHB Willie de los Santos
|
0-0: Ball 1-0: Ground out 4-3 (Groundball, 4M, EV 98.8 MPH)
|
Batting: RHB Dan Boylan
|
0-0: Called Strike 0-1: Called Strike 0-2: Ball 1-2: Ground out 6-3 (Groundball, 6D, EV 105.6 MPH)
|
Batting: SHB D.J. Codd
|
0-0: Ball 1-0: Called Strike 1-1: Foul Ball, location: 2F 1-2: Foul Ball, location: 2F 1-2: Ball 2-2: Strikes out swinging
|
Top of the 1st over - 0 runs, 0 hits, 0 errors, 0 left on base; Beloit 0 - Lake County 0 |
BOTTOM OF THE 1ST |
Lake County Captains batting - Pitching for Beloit Snappers : RHP Theodore Behr
|
Pitching: RHP Theodore Behr
|
|
Batting: RHB Toki Takeuchi
|
0-0: Foul Ball, location: 2F 0-1: Foul Ball, location: 2F 0-2: Ball 1-2: Strikes out swinging
|
Batting: LHB Yasuo Igarashi
|
0-0: Called Strike 0-1: Foul Ball, location: 2F 0-2: Ball 1-2: Ball 2-2: Ball 3-2: Foul Ball, location: 2F 3-2: Foul Ball, location: 2F 3-2: Base on Balls
|
Batting: LHB Justin Rankin
|
0-0: Ball Yasuo Igarashi steals 2nd base 1-0: Called Strike 1-1: Fly out, F5 (Flyball, 56D, EV 85.6 MPH)
|
Batting: SHB Charlie Diesel
|
0-0: Called Strike 0-1: Foul Ball, location: 2F 0-2: Ball 1-2: Strikes out looking
|
Bottom of the 1st over - 0 runs, 0 hits, 0 errors, 1 left on base; Beloit 0 - Lake County 0 |
TOP OF THE 2ND |
Beloit Snappers batting - Pitching for Lake County Captains : RHP Matt Zambon
|
Batting: RHB Scott Wiggs
|
0-0: Ball 1-0: Called Strike 1-1: Ball 2-1: Ground out 5-3 (Groundball, 56, EV 85.0 MPH)
|
Batting: RHB Manny Vizzerra
|
0-0: Called Strike 0-1: Swinging Strike 0-2: Ball 1-2: Strikes out swinging
|
Batting: RHB Rick Linders
|
0-0: Called Strike 0-1: Swinging Strike 0-2: Strikes out looking
|
Top of the 2nd over - 0 runs, 0 hits, 0 errors, 0 left on base; Beloit 0 - Lake County 0 |
BOTTOM OF THE 2ND |
Lake County Captains batting - Pitching for Beloit Snappers : RHP Theodore Behr
|
Batting: SHB Travis Burnett
|
0-0: Called Strike 0-1: Fly out, F9 (Flyball, 9LS, EV 83.8 MPH)
|
Batting: RHB Danny Millsaps
|
0-0: Called Strike 0-1: Foul Ball, location: 2F 0-2: Fly out, F4 (Line Drive, 4, EV 63.8 MPH)
|
Batting: LHB Danny Moreno
|
0-0: Called Strike 0-1: Ball 1-1: Called Strike 1-2: Strikes out swinging
|
Bottom of the 2nd over - 0 runs, 0 hits, 0 errors, 0 left on base; Beloit 0 - Lake County 0 |
TOP OF THE 3RD |
Beloit Snappers batting - Pitching for Lake County Captains : RHP Matt Zambon
|
Batting: RHB Travis Lanctot
|
0-0: Called Strike 0-1: Called Strike 0-2: Foul Ball, location: 2F 0-2: Strikes out swinging
|
Batting: LHB Raita Inouye
|
0-0: Called Strike 0-1: Ball 1-1: Foul Ball, location: 2F 1-2: Ball 2-2: SINGLE (Line Drive, 8RS, EV 113.1 MPH)
|
Batting: RHB Brian Rathbun
|
0-0: Called Strike 0-1: Ball 1-1: Ball 2-1: Called Strike 2-2: Strikes out swinging
|
Batting: RHB Willie de los Santos
|
0-0: Ball Raita Inouye steals 2nd base 1-0: Swinging Strike 1-1: Swinging Strike 1-2: Fly out, F7 (Flyball, 7, EV 79.4 MPH)
|
Top of the 3rd over - 0 runs, 1 hit, 0 errors, 1 left on base; Beloit 0 - Lake County 0 |
BOTTOM OF THE 3RD |
Lake County Captains batting - Pitching for Beloit Snappers : RHP Theodore Behr
|
Batting: LHB Ubbe de Bruin
|
0-0: Called Strike 0-1: Called Strike 0-2: Foul Ball, location: 2F 0-2: Ball 1-2: Strikes out looking
|
Batting: RHB Carsten Koers
|
0-0: Ball 1-0: Called Strike 1-1: Swinging Strike 1-2: Ball 2-2: Foul Ball, location: 2F 2-2: Ball 3-2: Strikes out swinging
|
Batting: RHB Toki Takeuchi
|
0-0: Ball 1-0: Called Strike 1-1: Foul Ball, location: 2F 1-2: Foul Ball, location: 2F 1-2: Ball 2-2: Strikes out swinging
|
Bottom of the 3rd over - 0 runs, 0 hits, 0 errors, 0 left on base; Beloit 0 - Lake County 0 |
TOP OF THE 4TH |
Beloit Snappers batting - Pitching for Lake County Captains : RHP Matt Zambon
|
Batting: RHB Dan Boylan
|
0-0: Swinging Strike 0-1: Ball 1-1: Called Strike 1-2: Strikes out looking
|
Batting: SHB D.J. Codd
|
0-0: Ball 1-0: Called Strike 1-1: SINGLE (Groundball, 56D, EV 100.0 MPH)
|
Batting: RHB Scott Wiggs
|
0-0: Called Strike 0-1: Swinging Strike 0-2: Ball 1-2: Strikes out swinging
|
Batting: RHB Manny Vizzerra
|
0-0: Ball 1-0: Fly out, F8 (Flyball, 89XD, EV 92.5 MPH)
|
Top of the 4th over - 0 runs, 1 hit, 0 errors, 1 left on base; Beloit 0 - Lake County 0 |
BOTTOM OF THE 4TH |
Lake County Captains batting - Pitching for Beloit Snappers : RHP Theodore Behr
|
Batting: LHB Yasuo Igarashi
|
0-0: Swinging Strike 0-1: Called Strike 0-2: Foul Ball, location: 2F 0-2: Ball 1-2: Strikes out swinging
|
Pitching: RHP Roberto Benavides
|
|
Batting: LHB Justin Rankin
|
0-0: Called Strike 0-1: Called Strike 0-2: Strikes out looking
|
Batting: SHB Charlie Diesel
|
0-0: Foul Ball, location: 2F 0-1: Ball 1-1: Fly out, F7 (Flyball, 7D, EV 88.1 MPH)
|
Bottom of the 4th over - 0 runs, 0 hits, 0 errors, 0 left on base; Beloit 0 - Lake County 0 |
TOP OF THE 5TH |
Beloit Snappers batting - Pitching for Lake County Captains : RHP Matt Zambon
|
Batting: RHB Rick Linders
|
0-0: Called Strike 0-1: Ball 1-1: Foul Ball, location: 2F 1-2: Ground out 3-1 (Groundball, 34, EV 76.2 MPH)
|
Batting: RHB Travis Lanctot
|
0-0: Fly out, F9 (Flyball, 9LS, EV 93.1 MPH)
|
Batting: LHB Raita Inouye
|
0-0: Ball 1-0: Swinging Strike 1-1: Swinging Strike 1-2: Ball 2-2: Strikes out looking
|
Top of the 5th over - 0 runs, 0 hits, 0 errors, 0 left on base; Beloit 0 - Lake County 0 |
BOTTOM OF THE 5TH |
Lake County Captains batting - Pitching for Beloit Snappers : RHP Roberto Benavides
|
Batting: SHB Travis Burnett
|
0-0: SINGLE (Groundball, 6D, EV 103.8 MPH)
|
Batting: RHB Danny Millsaps
|
0-0: Called Strike 0-1: Grounds into double play, 6-4-3 (Groundball, 56, EV 90.6 MPH)
|
Batting: LHB Danny Moreno
|
0-0: Ball 1-0: Ball 2-0: Called Strike 2-1: Called Strike 2-2: Strikes out swinging
|
Bottom of the 5th over - 0 runs, 1 hit, 0 errors, 0 left on base; Beloit 0 - Lake County 0 |
TOP OF THE 6TH |
Beloit Snappers batting - Pitching for Lake County Captains : RHP Matt Zambon
|
Batting: RHB Brian Rathbun
|
0-0: Foul Ball, location: 2F 0-1: Swinging Strike 0-2: Ball 1-2: Strikes out looking
|
Batting: RHB Willie de los Santos
|
0-0: Foul Ball, location: 2F 0-1: Called Strike 0-2: Ball 1-2: Ball 2-2: Ball 3-2: Base on Balls
|
Batting: RHB Dan Boylan
|
0-0: Ball Willie de los Santos steals 2nd base 1-0: Called Strike 1-1: Swinging Strike 1-2: Foul Ball, location: 2F 1-2: Foul Ball, location: 2F 1-2: Hit by Pitch
|
Batting: SHB D.J. Codd
|
0-0: Called Strike Willie de los Santos steals 3rd base Dan Boylan to second 0-1: Ball 1-1: Foul Ball, location: 2F 1-2: Foul Ball, location: 2F 1-2: Foul Ball, location: 2F 1-2: Foul Ball, location: 2F 1-2: DOUBLE (Groundball, 5D, EV 106.2 MPH) Willie de los Santos scores Dan Boylan scores
|
Batting: RHB Scott Wiggs
|
0-0: Called Strike 0-1: Foul Ball, location: 2F 0-2: Strikes out swinging
|
Batting: RHB Manny Vizzerra
|
0-0: Swinging Strike 0-1: Swinging Strike 0-2: Strikes out looking
|
Top of the 6th over - 2 runs, 1 hit, 0 errors, 1 left on base; Beloit 2 - Lake County 0 |
BOTTOM OF THE 6TH |
Lake County Captains batting - Pitching for Beloit Snappers : RHP Roberto Benavides
|
Batting: LHB Ubbe de Bruin
|
0-0: Foul Ball, location: 2F 0-1: Ball 1-1: Called Strike 1-2: Strikes out swinging
|
Batting: RHB Carsten Koers
|
0-0: Ball 1-0: Ball 2-0: Ball 3-0: Called Strike 3-1: Ground out 4-3 (Groundball, 4, EV 102.5 MPH)
|
Batting: RHB Toki Takeuchi
|
0-0: Foul Ball, location: 2F 0-1: Ball 1-1: Called Strike 1-2: Strikes out looking
|
Bottom of the 6th over - 0 runs, 0 hits, 0 errors, 0 left on base; Beloit 2 - Lake County 0 |
TOP OF THE 7TH |
Beloit Snappers batting - Pitching for Lake County Captains : RHP Matt Zambon
|
Batting: RHB Rick Linders
|
0-0: Ball 1-0: Foul Ball, location: 2F 1-1: Called Strike 1-2: Foul Ball, location: 2F 1-2: Ball 2-2: SOLO HOME RUN (Flyball, 9LD, EV 89.4 MPH), Distance : 334 ft
|
Pitching: RHP Tatsuhito Shiota
|
|
Batting: RHB Travis Lanctot
|
0-0: Foul Ball, location: 2F 0-1: Foul Ball, location: 2F 0-2: Strikes out looking
|
Batting: LHB Raita Inouye
|
0-0: Called Strike 0-1: SINGLE (Line Drive, 4D, EV 96.9 MPH)
|
Batting: RHB Brian Rathbun
|
0-0: Ball Raita Inouye steals 2nd base 1-0: Foul Ball, location: 2F 1-1: Called Strike 1-2: SINGLE (Line Drive, 6D, EV 97.5 MPH) Raita Inouye to third Runner from 3rd tries for Home, SAFE, throw by LF to home
|
Batting: RHB Willie de los Santos
|
0-0: Ball Wild Pitch! Brian Rathbun to second 1-0: Ball 2-0: Ball 3-0: Called Strike 3-1: Base on Balls
|
Batting: RHB Dan Boylan
|
0-0: DOUBLE (Flyball, 89D, EV 111.2 MPH) Brian Rathbun scores Willie de los Santos to third
|
Batting: SHB D.J. Codd
|
0-0: Foul Ball, location: 2F 0-1: Ball 1-1: Foul Ball, location: 2F 1-2: Ball 2-2: Ball 3-2: Strikes out swinging
|
Batting: RHB Scott Wiggs
|
0-0: Called Strike 0-1: Swinging Strike 0-2: Ball 1-2: Strikes out swinging
|
Top of the 7th over - 3 runs, 4 hits, 0 errors, 2 left on base; Beloit 5 - Lake County 0 |
BOTTOM OF THE 7TH |
Lake County Captains batting - Pitching for Beloit Snappers : RHP Roberto Benavides
|
Batting: LHB Yasuo Igarashi
|
0-0: Ball 1-0: Foul Ball, location: 2F 1-1: Foul Ball, location: 2F 1-2: Strikes out swinging
|
Batting: LHB Justin Rankin
|
0-0: Ball 1-0: Ball 2-0: Foul Ball, location: 2F 2-1: Ball 3-1: Fly out, F8 (Line Drive, 8LM, EV 98.1 MPH)
|
Batting: SHB Charlie Diesel
|
0-0: Called Strike 0-1: DOUBLE (Line Drive, 7LS, EV 106.9 MPH)
|
Batting: SHB Travis Burnett
|
0-0: Ball 1-0: Ball 2-0: Called Strike 2-1: Ball 3-1: Swinging Strike 3-2: Base on Balls
|
Batting: RHB Danny Millsaps
|
0-0: Foul Ball, location: 2F 0-1: Swinging Strike 0-2: Strikes out swinging
|
Bottom of the 7th over - 0 runs, 1 hit, 0 errors, 2 left on base; Beloit 5 - Lake County 0 |
TOP OF THE 8TH |
Beloit Snappers batting - Pitching for Lake County Captains : RHP Tatsuhito Shiota
|
Batting: RHB Manny Vizzerra
|
0-0: Ball 1-0: Ball 2-0: Ball 3-0: Called Strike 3-1: Foul Ball, location: 2F 3-2: Strikes out swinging
|
Batting: RHB Rick Linders
|
0-0: Called Strike 0-1: Ball 1-1: Foul Ball, location: 2F 1-2: Strikes out looking
|
Batting: RHB Travis Lanctot
|
0-0: Ball 1-0: Called Strike 1-1: Called Strike 1-2: Ball 2-2: Strikes out swinging
|
Top of the 8th over - 0 runs, 0 hits, 0 errors, 0 left on base; Beloit 5 - Lake County 0 |
BOTTOM OF THE 8TH |
Lake County Captains batting - Pitching for Beloit Snappers : RHP Roberto Benavides
|
Batting: LHB Danny Moreno
|
0-0: Ball 1-0: Called Strike 1-1: Ball 2-1: Ball 3-1: Base on Balls
|
Batting: LHB Ubbe de Bruin
|
0-0: Swinging Strike 0-1: Swinging Strike 0-2: Ball 1-2: Strikes out looking
|
Pitching: LHP Jimmy Ford
|
|
Batting: RHB Carsten Koers
|
0-0: Reached on error, E6 (Groundball, 6, EV 105.0 MPH) Danny Moreno to second
|
Batting: RHB Toki Takeuchi
|
0-0: Called Strike 0-1: Called Strike 0-2: Fielders Choice at 2nd, 1-4 (Groundball, 25, EV 63.1 MPH) Danny Moreno to third
|
Batting: LHB Yasuo Igarashi
|
0-0: Called Strike 0-1: Ball 1-1: Foul Ball, location: 2F 1-2: Strikes out swinging
|
Bottom of the 8th over - 0 runs, 0 hits, 1 error, 2 left on base; Beloit 5 - Lake County 0 |
TOP OF THE 9TH |
Beloit Snappers batting - Pitching for Lake County Captains : RHP Tatsuhito Shiota
|
Batting: LHB Raita Inouye
|
0-0: Ball 1-0: Foul Ball, location: 2F 1-1: Ball 2-1: Foul Ball, location: 2F 2-2: Foul Ball, location: 2F 2-2: Ball 3-2: Foul Ball, location: 2F 3-2: Strikes out swinging
|
Pitching: RHP Ryan Southerland
|
|
Batting: RHB Brian Rathbun
|
0-0: Called Strike 0-1: Foul Ball, location: 2F 0-2: Strikes out looking
|
Batting: RHB Willie de los Santos
|
0-0: Called Strike 0-1: Ball 1-1: Ball 2-1: Foul Ball, location: 2F 2-2: Foul Ball, location: 2F 2-2: Ground out 6-3 (Groundball, 6, EV 83.8 MPH)
|
Top of the 9th over - 0 runs, 0 hits, 0 errors, 0 left on base; Beloit 5 - Lake County 0 |
BOTTOM OF THE 9TH |
Lake County Captains batting - Pitching for Beloit Snappers : LHP Jimmy Ford
|
Batting: LHB Justin Rankin
|
0-0: Ball 1-0: Reached on error, E7 (Flyball, 7D, EV 95.0 MPH)
|
Batting: SHB Charlie Diesel
|
0-0: Ball 1-0: Called Strike 1-1: Ball 2-1: Ground out 4-3 (Groundball, 4S, EV 67.5 MPH) Justin Rankin to third
|
Batting: SHB Travis Burnett
|
0-0: Swinging Strike 0-1: Swinging Strike 0-2: Ball 1-2: Ball 2-2: Strikes out looking
|
Batting: RHB Danny Millsaps
|
0-0: Ball 1-0: Ball 2-0: Swinging Strike 2-1: Called Strike 2-2: Ball 3-2: Foul Ball, location: 2F 3-2: DOUBLE (Groundball, 5L, EV 107.5 MPH) Justin Rankin scores
|
Batting: LHB Danny Moreno
|
0-0: Ball 1-0: Ground out U3 (Groundball, 3, EV 90.6 MPH)
|
Bottom of the 9th over - 1 run, 1 hit, 1 error, 1 left on base; Beloit 5 - Lake County 1 |
|